 Dungeon Crawl Stone Soup version 0.29.0-4-gdea44cf6ec (webtiles) character file.

Game seed: 16630166368712294261

68 qw the Chopper (level 4, -12/26 HPs)
             Began as a Tengu Warper on Aug 28, 2022.
             Mangled by an orc warrior
             ... wielding a +3 hand axe
              (17 damage)
             ... on level 3 of the Dungeon.
             The game lasted 00:00:11 (2151 turns).

qw the Chopper (Tengu Warper)                       Turns: 2151, Time: 00:00:12

Health: -12/26     AC:  6    Str: 13    XL:     4   Next: 19%
Magic:  8/8        EV: 11    Int: 13    God:
Gold:   120        SH:  0    Dex: 14    Spells: 7/7 levels left

rFire   . . .      SeeInvis .   Y - +0 hand axe
rCold   . . .      Faith    .   (no shield)
rNeg    + . .      Spirit   .   h - +0 ring mail
rPois   .          Reflect  .   c - +1 hat
rElec   .          Harm     .   (no cloak)
rCorr   .          Rampage  .   (no gloves)
Will    .....                   (boots unavailable)
Stlth   +.........              (no amulet)
HPRegen 0.08/turn               i - ring of positive energy
MPRegen 0.11/turn               (no ring)

@: no status effects
A: beak, talons 3
a: no special abilities


You were on level 3 of the Dungeon.
You visited 1 branch of the dungeon, and saw 3 of its levels.

You collected 120 gold pieces.


Innate Abilities, Weirdness & Mutations

You have a beak for a mouth.
You have claws for feet.


   Skills:
 - Level 2.0 Fighting
 + Level 4.8 Axes
 - Level 1.0 Throwing
 - Level 1.1 Armour
 - Level 2.1 Dodging
 - Level 2.0 Spellcasting
 - Level 2.4 Translocations


You had 7 spell levels left.
You didn't know any spells.
Your spell library contained the following spells:

 Spells                   Type           Power      Damage    Failure   Level
 Blink                    Tloc           14%        N/A       30%         2
 Gell's Gravitas          Tloc           7%         N/A       52%         3
 Lesser Beckoning         Tloc           7%         N/A       52%         3
 Teleport Other           Tloc           7%         N/A       52%         3
 Manifold Assault         Tloc           7%         N/A       99%         5

Inventory:

Hand Weapons
 f - a +0 club
 Y - a +0 hand axe (weapon)
Armour
 c - a +1 hat (worn)
 h - a +0 ring mail (worn)
Jewellery
 d - the ring "Tywuesij" {Fire Will+ Str-4 Int+2}
   (You found it on level 2 of the Dungeon)

   [ring of fire]

   It enhances your fire magic.
   Str:       It affects your strength (-4).
   Int:       It affects your intelligence (+2).
   rF:        It protects you from fire.
   rC:        It makes you vulnerable to cold.
   Will:      It increases your willpower.
 i - a ring of positive energy (left hand)
Scrolls
 j - 2 scrolls of identify
Potions
 g - 3 potions of curing

Dungeon Overview and Level Annotations

Branches:
Dungeon (3/15)

Altars:
Trog
Vehumet


Message History

You closely miss the hobgoblin.
An adder comes into view.
The orc warrior completely misses you. The hobgoblin closely misses you.
The orc wizard barely misses you.
The adder hisses angrily.
You hit the orc warrior but do no damage.
Your kick misses the orc warrior.
The orc warrior is lightly wounded.
You closely miss something. You hit the orc wizard.
You closely miss the hobgoblin. The orc warrior barely misses you.
The hobgoblin hits you but does no damage.
The orc wizard closely misses you.
You hear some strange, mumbled words.
A puff of flame appears from out of thin air!
The puff of flame hits you.
You hit the orc warrior. Your kick misses the orc warrior.
The orc warrior is moderately wounded.
You hit something. You closely miss the orc wizard.
You barely miss the hobgoblin. The orc warrior closely misses you.
The hobgoblin misses you. Something hits you but does no damage.
The orc wizard hits you with a +0 dagger.
You closely miss the orc warrior.
You peck the orc warrior, but do no damage.
The orc warrior is moderately wounded.
You barely miss something. You barely miss the orc wizard.
You hit the hobgoblin.
The hobgoblin hits you but does no damage.
Something hits you but does no damage.
The orc wizard hits you with a +0 dagger.
The orc warrior closely misses you.
You barely miss the hobgoblin. Your kick misses the hobgoblin.
The hobgoblin is heavily wounded.
You hit the orc warrior but do no damage.
You miss something. You barely miss the orc wizard. Something hits you.
The orc warrior hits you with a +3 hand axe!
Ouch! That really hurt!
You die...

.##...#.#####.##
.##.....# #.# #...
........# #.# ...
..#.###.# #.# ..
..#.###.# #.# .#
#.#..##.# #.###.##
#.##.##.# #.##...##.#.
#.##.##.#####...o{....:.
#.......#.......@oS##.
##.#.##...##++##.g##
#.#.####.# #..#
##.#......# #..#
#.######..# #.## ###
##.# #.# # #.######.#
#########.........
..:........###.##


You could see an orc warrior, an orc wizard, an adder and a hobgoblin.

Vanquished Creatures
  An adder (D:2)
  2 worms (D:2)
  2 dart slugs (D:1)
  2 orcs (D:3)
  3 giant cockroaches
  4 goblins
  6 hobgoblins
  6 jackals
  4 kobolds
  3 quokkas
  3 ball pythons
  3 bats
  3 frilled lizards
  3 rats
45 creatures vanquished.

Vanquished Creatures (others)
  An endoplasm (D:3)
1 creature vanquished.

Grand Total: 46 creatures vanquished

Notes
Turn   | Place    | Note
-------+----------+-------------------------------------------
     0 | D:1      | qw the Tengu Warper began the quest for the Orb.
     0 | D:1      | Reached XP level 1. HP: 12/12 MP: 4/4
     0 | D:1      | 0 ||| qw: Version: 0.1-a-89-g26bdef1
     0 | D:1      | 0 ||| qw: Game counter: 1305
     0 | D:1      | 0 ||| qw: Always use a shield: true
     0 | D:1      | 0 ||| qw: God list: Okawaru
     0 | D:1      | 0 ||| qw: Allow faded altars: false
     0 | D:1      | 0 ||| qw: Do Orc after D:15 true
     0 | D:1      | 0 ||| qw: Do second Lair branch before Depths: true
     0 | D:1      | 0 ||| qw: Lair rune preference: random
     0 | D:1      | 0 ||| qw: Plans: Normal
     0 | D:1      | 0 ||| PLANNING D:1-11
   108 | D:1      | Reached skill level 3 in Axes
   108 | D:1      | Reached XP level 2. HP: 17/17 MP: 6/6
   230 | D:1      | 230 ||| Stepping ~*~*~tactically~*~*~ (stealth).
   277 | D:1      | 277 ||| Stepping ~*~*~tactically~*~*~ (stealth).
   520 | D:1      | Reached XP level 3. HP: 18/21 MP: 7/7
   553 | D:1      | 553 ||| Stepping ~*~*~tactically~*~*~ (hiding).
   655 | D:1      | 655 ||| Stepping ~*~*~tactically~*~*~ (hiding).
   757 | D:1      | 757 ||| Stepping ~*~*~tactically~*~*~ (hiding).
  1027 | D:1      | Found a faded altar of an unknown god.
  1121 | D:1      | 1121 ||| UPGRADING to ring of positive energy.
  1122 | D:1      | 1122 ||| READING scroll labelled JAN WONNEETIGHO.
  1123 | D:1      | 1123 ||| READING scroll labelled TOAW NOCUSIENE.
  1124 | D:1      | 1124 ||| READING 3 scrolls labelled ECIUNW GULAEZ.
  1125 | D:1      | 1125 ||| READING 2 scrolls of identify.
  1125 | D:1      | 1125 ||| IDENTIFYING pink potion
  1126 | D:1      | 1126 ||| DROPPING scroll of blinking.
  1127 | D:1      | 1127 ||| DROPPING potion of lignification.
  1164 | D:2      | Reached skill level 4 in Axes
  1728 | D:2      | Identified the ring "Tywuesij" {Fire Will+ Str-4 Int+2}
  1922 | D:2      | Reached XP level 4. HP: 26/26 MP: 8/8
  1962 | D:2      | 1962 ||| UPGRADING to +1 hat.
  1967 | D:2      | 1967 ||| UPGRADING to +0 ring mail.
  1977 | D:2      | 1977 ||| DROPPING +0 leather armour.
  1978 | D:2      | 1978 ||| READING scroll labelled ZEDERI UNOTOE.
  1979 | D:2      | 1979 ||| READING scroll labelled RUEBBY JIDEE.
  1984 | D:2      | 1984 ||| DRINKING 3 red potions.
  2061 | D:3      | 2061 ||| Stepping ~*~*~tactically~*~*~ (stealth).
  2068 | D:3      | Found a radiant altar of Vehumet.
  2074 | D:3      | Found a bloodstained altar of Trog.
  2138 | D:3      | Noticed an orc warrior
  2141 | D:3      | 2141 ||| Stepping ~*~*~tactically~*~*~ (hiding).
  2151 | D:3      | HP: 5/26 [something (3)]
  2151 | D:3      | Mangled by an orc warrior

Levels and vault maps discovered:
D:1:      amcnicky_arrival_blooded_trapdoor, layout_loops_ring,
          basic_ecumenical_altar
D:2:      layout_rooms
D:3:      layout_loops_ring, fiery_altar_vehumet,
          nicolae_yredelemnul_corpse_copse, general_overflow_altar, trog_wizard,
          uniq_jessica

Skill      XL: |  1  2  3 |
---------------+----------+-----
Axes           | 3 4 |  4.8
Fighting       | |  2.0
Throwing       | |  1.0
Armour         | |  1.1
Dodging        | |  2.1
Spellcasting   | |  2.0
Translocations | |  2.4

Action                   |  1- 3 |  4- 6 || total
-------------------------+-------+-------++-------
Melee: Hand axe          |    92 |    21 ||   113
       Peck              |    13 |     7 ||    20
       Kick              |    16 |     5 ||    21
Throw: Boomerang         |     7 |       ||     7
  Use: Scroll            |     4 |     2 ||     6
       Potion            |       |     1 ||     1
Armor: Leather armour    |    27 |       ||    27
       Ring mail         |       |     9 ||     9
Dodge: Dodged            |    60 |    22 ||    82

Table legend:
 A = Non-vault XP
 B = Vault XP
 C = Vault XP percentage of total XP
 D = Non-vault monster count
 E = Vault monster count
 F = Vault count percentage of total count
                 A         B        C        D         E       F
            +---------+---------+-------+---------+---------+-------
      Total |      98 |       0 |   0.0 |      45 |       0 |   0.0
            +---------+---------+-------+---------+---------+-------
        D:1 |      43 |       0 |   0.0 |      23 |       0 |   0.0
        D:2 |      39 |       0 |   0.0 |      14 |       0 |   0.0
        D:3 |      16 |       0 |   0.0 |       8 |       0 |   0.0
            +---------+---------+-------+---------+---------+-------
